 Dungeon Crawl Stone Soup version 0.21.0-3-g78d12a8bdd (webtiles) character file.

313 Esekla the Cutter (level 6, -3/39 HPs)
             Began as a Tengu Artificer on Jan 11, 2018.
             Slain by Natasha (4 damage)
             ... on level 2 of the Dungeon.
             The game lasted 00:26:15 (3256 turns).

Esekla the Cutter (Tengu Artificer)                 Turns: 3256, Time: 00:26:16

Health: -3/39      AC:  4    Str: 17    XL:     6   Next: 43%
Magic:  9/9        EV: 13    Int: 11    God:
Gold:   170        SH:  0    Dex: 15    Spells: 5/5 levels left

rFire    . . .     SeeInvis .   a - +0 short sword
rCold    . . .     Gourm    .   (no shield)
rNeg     . . .     Faith    .   b - +0 leather armour
rPois    +         Spirit   .   (helmet restricted)
rElec    .         Reflect  .   (no cloak)
rCorr    .         Harm     .   (no gloves)
MR       .....                  (boots unavailable)
Stlth    +++.......             (no amulet)
HPRegen  0.13/turn              h - ring of stealth
MPRegen  0.11/turn              k - ring of wizardry

@: mighty, hasted and slowed
A: beak, talons 3, rugged brown scales 1, clumsy 1, poison resistance, robust 1,
able to fly 1
a: Fly


You were on level 2 of the Dungeon.
You were hungry.

You visited 1 branch of the dungeon, and saw 3 of its levels.

You collected 170 gold pieces.

Inventory:

Hand Weapons
 a - a +0 short sword (weapon)
 l - a +0 hunting sling
Missiles
 j - 97 stones (quivered)
 p - 5 tomahawks
Armour
 b - a +0 leather armour (worn)
Jewellery
 h - a ring of stealth (left hand)
 k - a ring of wizardry (right hand)
Wands
 c - a wand of flame (15)
 d - a wand of enslavement (15)
 q - a wand of iceblast (17)
Potions
 e - a potion of haste
 m - a potion of magic
Comestibles
 f - 3 rations


   Skills:
 + Level 2.1 Fighting
 * Level 4.3 Short Blades
 + Level 2.8 Armour
 + Level 3.3 Dodging
 + Level 2.6 Stealth
 - Level 3.0 Evocations


You had 5 spell levels left.
You didn't know any spells.

Dungeon Overview and Level Annotations

Branches:
Dungeon (3/15)

Altars:
Zin

Annotations:
D:2 Natasha


Innate Abilities, Weirdness & Mutations

You have a beak for a mouth.
You have claws for feet.
You can fly.
You are partially covered in rugged brown scales. (AC +1, +3% HP)
You are clumsy. (Dex -2)
Your system is resistant to poisons. (rPois)
You are robust. (+10% HP)


Message History

Your experience leads to an increase in your attributes!
Your base attributes are Str 12, Int 11, Dex 16.
Increase (S)trength, (I)ntelligence, or (D)exterity?
You feel agile.
Natasha stares at you and mumbles some strange words.
The magic dart hits you!
You hit Natasha. Your peck misses Natasha.
Natasha is moderately wounded.
Natasha wildly gestures.
Natasha's front paws start to glow.
Natasha claws you.
* * * LOW HITPOINT WARNING * * *
You hit Natasha.
Natasha is severely wounded.
Natasha claws you!
* * * LOW HITPOINT WARNING * * *
You miss Natasha.
Natasha is severely wounded.
Natasha claws you.
You die...

##.##.........#
###. #..#.........#
#. ##.#.........#
#. #...........# #.
##..........# #.
#........(.# #.
#..........#######.
#)h###.............
##@# #.############
### #.# #.# #.# #.#
#.# #.# #)# #.#


You could see Natasha.

Vanquished Creatures
  Sigmund (D:2)
  Natasha (D:3)
  5 adders
  An ooze (D:3)
  2 worms (D:2)
  A dart slug (D:1)
  2 leopard geckos
  9 orcs
  10 goblins
  4 hobgoblins
  A quokka (D:2)
  5 bats
  2 frilled lizards
  5 kobolds
  3 rats
52 creatures vanquished.

Notes
Turn   | Place    | Note
-------+----------+-------------------------------------------
     0 | D:1      | Esekla the Tengu Artificer began the quest for the Orb.
     0 | D:1      | Reached XP level 1. HP: 12/12 MP: 4/4
   294 | D:1      | Reached XP level 2. HP: 16/16 MP: 5/5
   368 | D:1      | Reached skill level 2 in Short Blades
   505 | D:2      | Noticed Natasha
   528 | D:2      | Gained mutation: You are clumsy. (Dex -2) [potion of mutation]
   528 | D:2      | Gained mutation: You are partially covered in rugged brown scales. (AC +1, +3% HP) [potion of mutation]
   528 | D:2      | Gained mutation: Your system is resistant to poisons. (rPois) [potion of mutation]
   528 | D:2      | Gained mutation: You are robust. (+10% HP) [potion of mutation]
   927 | D:2      | Reached XP level 3. HP: 10/22 MP: 6/6
  1299 | D:3      | Noticed Sigmund
  1378 | D:2      | Noticed a phantom
  1667 | D:2      | Reached XP level 4. HP: 28/28 MP: 7/7
  1776 | D:2      | Reached skill level 3 in Short Blades
  1781 | D:2      | Reached skill level 1 in Armour
  1866 | D:2      | Found a glowing silver altar of Zin.
  2913 | D:3      | Killed Natasha
  2931 | D:3      | Gained mutation: You can fly. [Tengu growth]
  2931 | D:3      | Reached XP level 5. HP: 23/33 MP: 8/8
  3025 | D:3      | Noticed an orc warrior
  3097 | D:3      | Noticed Natasha
  3253 | D:2      | Killed Sigmund
  3253 | D:2      | Reached skill level 4 in Short Blades
  3253 | D:2      | Reached XP level 6. HP: 21/39 MP: 9/9
  3255 | D:2      | HP: 1/39 [Natasha (8)]
  3256 | D:2      | Slain by Natasha

Skill      XL: |  1  2  3  4  5 |
---------------+----------------+-----
Short Blades   | 2 3 4 |  4.3
Armour         | 1 2 |  2.8
Stealth        | 2 |  2.6
Dodging        | 3 |  3.3
Fighting       | 2 |  2.1
Evocations     | |  3.0

Action                   |  1- 3 |  4- 6 || total
-------------------------+-------+-------++-------
Melee: Short sword       |    17 |    32 ||    49
       Peck              |    14 |    19 ||    33
       Dagger            |    70 |    88 ||   158
       Kick              |    18 |    34 ||    52
Throw: Stone             |       |     6 ||     6
  Use: Scroll            |     2 |     8 ||    10
       Potion            |     1 |     5 ||     6
 Stab: Sleeping          |     8 |     2 ||    10
  Eat: Ration            |     1 |     1 ||     2
Armor: Leather armour    |    12 |    26 ||    38
Dodge: Dodged            |    50 |    59 ||   109
